 Dungeon Crawl Stone Soup version 0.18.1-8-gdd0e5ea (webtiles) character file.

136 Stormphoenix the Insei (level 4, -1/35 HPs)
             Began as a Demonspawn Monk on June 12, 2016.
             Slain by Robin
             ... wielding a +4 whip of freezing
              (2 damage)
             ... on level 2 of the Dungeon.
             The game lasted 00:06:21 (2097 turns).

Stormphoenix the Insei (Demonspawn Monk)            Turns: 2097, Time: 00:06:22

Health: -1/35      AC:  4    Str: 13    XL:     4   Next: 98%
Magic:  4/4        EV: 13    Int: 11    God:
Gold:   94         SH:  0    Dex: 18    Spells: 0 memorised, 3 levels left

rFire  . . .     SeeInvis .       - Unarmed
rCold  . . .     Gourm    .     a - +0 robe
rNeg   . . .     Faith    .     (no shield)
rPois  .         Spirit   .     (no helmet)
rElec  .         Dismiss  .     (no cloak)
rCorr  .         Reflect  .     k - +1 pair of gloves {Dex+3}
SustAt +         Harm     .     (no boots)
MR     .....                    (no amulet)
Stlth  ++........               (no ring)
                                g - ring of sustain attributes

@: not resistant to hostile enchantments, unstealthy
A: foul stench 1, rot immunity
a: no special abilities


You were on level 2 of the Dungeon.
You were not hungry.

You visited 1 branch of the dungeon, and saw 2 of its levels.

You collected 94 gold pieces.

Inventory:

Armour
 a - a +0 robe (worn)
 k - a +1 pair of gloves of dexterity (worn)
Jewellery
 g - a ring of sustain attributes (left hand)
 l - an uncursed amulet of harm {unknown}
Wands
 c - a wand of slowing (17/48)
Scrolls
 j - a scroll of identify
Potions
 e - a potion of curing
Books
 i - a book of Misfortune

   Spells                             Type                      Level
   a - Confusing Touch                Hexes                        2
   b - Confuse                        Hexes                        3
   c - Gell's Gravitas                Hexes/Translocation          3
   d - Petrify                        Transmutation/Earth          4
   e - Metabolic Englaciation         Hexes/Ice                    5
   f - Yara's Violent Unravelling     Hexes/Transmutation          5
Comestibles
 b - 3 bread rations
 f - 3 meat rations


   Skills:
 - Level 3.0 Fighting
 - Level 2.6 Dodging
 - Level 1.7 Stealth
 + Level 5.7 Unarmed Combat


You had 3 spell levels left.
You didn't know any spells.

Dungeon Overview and Level Annotations

Branches:
Dungeon (2/15)

Altars:

Annotations:
D:2 Robin, Sigmund


Innate Abilities, Weirdness & Mutations

You may emit foul miasma when damaged in melee.
You are immune to rotting.


Message History

The hobgoblin hits you but does no damage.
Read which item? (? for menu, Esc to quit)
Okay, then.
You hit the goblin but do no damage. The goblin hits you but does no damage.
Robin closely misses you. The goblin hits you but does no damage.
You hit the goblin.
The goblin is severely wounded.
The hobgoblin hits you but does no damage.
The goblin hits you with a dagger. Robin closely misses you.
The goblin misses you.
You barely miss the goblin.
The goblin is severely wounded.
The hobgoblin hits you with a club!
* * * LOW HITPOINT WARNING * * *
The goblin completely misses you.
You hit the goblin.
You kill the goblin!
The hobgoblin barely misses you. The goblin hits you but does no damage.
Robin hits you with a whip of freezing.
You die...

#...#'##
######.##.#......
###...#.######## #.
#........
#.'...'.........
##.###### #.#...#....####
#..# # #.#####....#
######### ##.# # #.#
#....# #........ #.## #
#.# #.#######........
#..# # #.#
#.......ggg......
###'#### ##.#
#########@gg.....
#......# ...# #.....#
###'#######......# ####
#.....# #g......##......#
.#######.....#
#.......#####'###
.'...........# #.......#
#.# # .#........####
#.......# #.# #
.#........# ##g...[..#
#.###
.#........######gg......#
#..##
.########(gg..ggKgK.....#
##.##


You could see Robin, 2 hobgoblins and 2 goblins.

Vanquished Creatures
  Jessica (D:2)
  Ijyb (D:2)
  3 adders (D:2)
  An ooze (D:1)
  3 worms (D:2)
  2 ball pythons (D:1)
  2 bats (D:1)
  3 giant cockroaches
  13 goblins
  6 hobgoblins
  3 kobolds (D:1)
  3 giant newts
  5 rats
46 creatures vanquished.

Notes
Turn   | Place    | Note
--------------------------------------------------------------
     0 | D:1      | Stormphoenix the Demonspawn Monk began the quest for the Orb.
     0 | D:1      | Reached XP level 1. HP: 18/18 MP: 1/1
   246 | D:1      | Reached skill level 4 in Unarmed Combat
   253 | D:1      | Gained mutation: You are immune to rotting. [demonic ancestry]
   253 | D:1      | Reached XP level 2. HP: 24/24 MP: 2/2
   968 | D:2      | Reached XP level 3. HP: 19/29 MP: 3/3
  1073 | D:2      | Noticed Ijyb
  1110 | D:2      | Killed Ijyb
  1110 | D:2      | Reached skill level 5 in Unarmed Combat
  1435 | D:2      | Gained mutation: You may emit foul miasma when damaged in melee. [demonic ancestry]
  1435 | D:2      | Reached XP level 4. HP: 5/35 MP: 4/4
  1749 | D:2      | Noticed Sigmund
  1754 | D:2      | Noticed Robin
  2005 | D:2      | Noticed Jessica
  2007 | D:2      | Killed Jessica
  2096 | D:2      | HP: 1/35 [hobgoblin/club[Robin] (10)]
  2097 | D:2      | Slain by Robin

Skill      XL: |  1  2  3 |
---------------+----------+-----
Unarmed Combat | 4 5 |  5.7
Fighting       | |  3.0
Dodging        | |  2.6
Stealth        | |  1.7

Action                   |  1- 3 |  4- 6 || total
-------------------------+-------+-------++-------
Melee: Unarmed           |   152 |    51 ||   203
       Punch             |     2 |       ||     2
  Use: Scroll            |     4 |     1 ||     5
       Potion            |     2 |     6 ||     8
 Stab: Sleeping          |     3 |       ||     3
  Eat: Chunk             |     2 |     3 ||     5
Armor: Robe              |    22 |    14 ||    36
Dodge: Dodged            |    92 |    44 ||   136
